 Dungeon Crawl Stone Soup version 0.26-a0-612-gd4d190f45e (webtiles) character file.

Game seed: 4095142166450771755

336 DogServant the Skirmisher (level 6, 45/51 HPs)
             Began as a Formicid Berserker on Sept 9, 2020.
             Was a Priest of Trog.
             Quit the game on level 4 of the Dungeon.
             The game lasted 00:19:02 (3940 turns).

DogServant the Skirmisher (Formicid Berserker)      Turns: 3940, Time: 00:19:03

Health: 45/51      AC:  7    Str: 23    XL:     6   Next: 84%
Magic:  6/6        EV: 12    Int:  7    God:    Trog [***...]
Gold:   174        SH:  0    Dex: 10    Spells: 5/5 levels left

rFire    . . .     SeeInvis +   a - +0 hand axe
rCold    . . .     Faith    .   (no shield)
rNeg     . . .     Spirit   .   v - +0 ring mail
rPois    .         Reflect  .   (helmet unavailable)
rElec    .         Harm     .   (no cloak)
rCorr    .                      j - +0 pair of gloves
MR       .....                  (no boots)
Stlth    ..........             (no amulet)
HPRegen  0.17/turn              d - ring of attention
MPRegen  0.10/turn              (no ring)

@: no status effects
A: permanent stasis, dig shafts and tunnels, four strong arms, antennae 3
a: Dig, Shaft Self, Trog's Hand, Renounce Religion


You were on level 4 of the Dungeon.
You worshipped Trog.
Trog was most pleased with you.
You visited 1 branch of the dungeon, and saw 4 of its levels.

You collected 174 gold pieces.

Inventory:

Hand Weapons
 a - a +0 hand axe (weapon)
 l - a +0 hunting sling
 m - a +0 short sword of venom
 w - a +0 flail
 E - a +0 hand axe
Missiles
 n - 227 stones (quivered)
 u - 7 boomerangs
 y - 3 poisoned darts
Armour
 b - a +0 animal skin
 g - a +0 chain mail
 i - a +0 scale mail
 j - a +0 pair of gloves (worn)
 o - a +0 animal skin
 p - a +1 helmet
 v - a +0 ring mail (worn)
 x - a +0 ring mail
Jewellery
 c - an uncursed amulet of the acrobat
 d - a ring of attention (left hand)
 r - a +6 ring of strength {unknown}
 s - a +4 ring of slaying {unknown}
 A - an uncursed ring of positive energy
 C - an uncursed ring of flight
Scrolls
 k - a scroll of teleportation
 D - a scroll of remove curse
Potions
 e - 3 potions of curing
 f - a potion of stabbing
 h - a potion of flight {unknown}
 q - a potion of degeneration {unknown}
 t - a potion of magic {unknown}
 z - a potion of resistance {unknown}
 B - 2 potions of haste {unknown}


   Skills:
 * Level 5.0 Fighting
 * Level 4.6 Axes
 + Level 4.0 Armour
 + Level 2.9 Dodging


You had 5 spell levels left.
You didn't know any spells.
Your spell library was empty.

Dungeon Overview and Level Annotations

Branches:
Dungeon (4/15)
 Temple: D:4-7

Altars:


Innate Abilities, Weirdness & Mutations

You cannot be hasted, slowed, berserked, paralysed or teleported.
You can dig through walls and to a lower floor.
Your four strong arms can wield two-handed weapons with a shield.
You have a pair of large antennae on your head. (SInv)


Message History

The hound bites you but does no damage. The hound closely misses you.
There is an open door here.
You see here a +0 whip.
You barely miss the hound.
The hound is severely wounded.
The hound closely misses you.
You hit the hound.
You kill the hound!
Trog accepts your kill.
Your Fighting skill increases to level 5!
Welcome back, DogServant the Formicid Berserker.
Trog says: Kill them all!
Press ? for a list of commands and other information.
h - a blue potion
Found a rapier.
You sense a monster nearby.
Unknown command.
Quiver which item? (- for none, * to show all) (? for menu, Esc to quit)
Okay, then.
Are you sure you want to abandon this character and quit the game? (Confirm with "yes".)

{ #### ...# ..
#########..#...#
#.).....@.....#
#........+...#.#
#.......## #...#
#.......##.....#
########..............
###.....##......##....#
.<......##......## ....
........#........# ...
........)........# ..


There were no monsters in sight!

Vanquished Creatures
  2 orc priests (D:3)
  2 hounds (D:4)
  An orc wizard (D:3)
  Robin (D:2)
  4 adders
  5 worms
  3 dart slugs (D:1)
  5 leopard geckos
  14 orcs
  10 bats
  5 giant cockroaches
  18 goblins
  15 hobgoblins
  7 kobolds
  A quokka (D:2)
  5 frilled lizards
  9 rats
107 creatures vanquished.

Notes
Turn   | Place    | Note
-------+----------+-------------------------------------------
     0 | D:1      | DogServant the Formicid Berserker began the quest for the
                  | Orb.
     0 | D:1      | Reached XP level 1. HP: 18/18 MP: 1/1
    83 | D:1      | Reached XP level 2. HP: 18/24 MP: 2/2
   554 | D:1      | Reached XP level 3. HP: 26/29 MP: 3/3
  1618 | D:2      | Noticed Robin
  1622 | D:2      | Reached XP level 4. HP: 37/37 MP: 4/4
  1622 | D:2      | Reached ** piety under Trog
  1628 | D:2      | Killed Robin
  1656 | D:2      | Reached skill level 4 in Fighting
  2071 | D:2      | Reached XP level 5. HP: 33/42 MP: 5/5
  2734 | D:3      | Reached XP level 6. HP: 32/49 MP: 6/6
  3111 | D:3      | Reached *** piety under Trog
  3916 | D:4      | Reached skill level 5 in Fighting
  3940 | D:4      | Quit the game

Illustrated notes

Levels and vault maps discovered:
D:1:      dpeg_arrival_rooms_a, layout_basic
D:2:      layout_basic, uniq_robin
D:3:      layout_loops_ring, gup_sewer_entry_spiral
D:4:      layout_gridville, minmay_temple_entry_arrows,
          minmay_hollow_rounded_squares

Skill      XL: |  1  2  3  4  5  6 |
---------------+-------------------+-----
Dodging        | 2 |  2.9
Armour         | 3 4 |  4.0
Fighting       | 4 5 |  5.0
Axes           | 4 |  4.6

Action                   |  1- 3 |  4- 6 || total
-------------------------+-------+-------++-------
Melee: Hand axe          |   124 |   234 ||   358
  Use: Scroll            |     4 |     4 ||     8
Armor: Animal skin       |     8 |       ||     8
       Chain mail        |   116 |    76 ||   192
       Ring mail         |       |    27 ||    27
Dodge: Dodged            |   102 |   136 ||   238

Table legend: (Time is in decaauts)
 A = Elapsed time spent in this place.
 B = Non-inter-level travel time spent in this place.
 C = Inter-level travel time spent in this place.
 D = Time resting spent in this place.
 E = Time spent auto-exploring this place.
 F = Levels seen in this place.
 G = Mean time per level.
                   A        B        C        D        E       F      G
               +--------+--------+--------+--------+--------+-----+--------+
         Total |   4015 |   3942 |     73 |    237 |   2635 |   4 | 1003.8 |
       Dungeon |   4015 |   3942 |     73 |    237 |   2635 |   4 | 1003.8 |
               +--------+--------+--------+--------+--------+-----+--------+

Top non-repeatable levels by time:
     D:1: 1515 daAuts
     D:3: 1215 daAuts
     D:2: 1208 daAuts
     D:4: 76 daAuts
